 Dungeon Crawl Stone Soup version 0.32-a0-799-g95e1662365 (webtiles) character file.

Game seed: 5856257861609372755

362 Griffin23 the Trooper (level 6, -23/56 HPs)
             Began as a Minotaur Fighter on Mar 21, 2024.
             Was a Follower of Ru.
             Annihilated by an ogre
             ... wielding a +0 giant club
              (27 damage)
             ... on level 3 of the Dungeon.
             The game lasted 00:04:10 (2628 turns).

Griffin23 the Trooper (Minotaur Fighter)            Turns: 2628, Time: 00:04:11

Health: -23/56     AC:  8    Str: 23    XL:     6   Next: 39%
Magic:  0/5        EV:  3    Int:  5    God:    Ru [*.....]
Gold:   68         SH:  4    Dex:  9    Spells: 5/5 levels left

rFire   . . .        a - +0 long sword
rCold   . . .        c - +0 buckler
rNeg    . . .        b - +0 scale mail
rPois   .            (helmet restricted)
rElec   .            d - +0 cloak
rCorr   .            (no gloves)
SInv    .            (no boots)
Will    +....        e - amulet of guardian spirit Stlth
                     i - ring of willpower
HPRegen 0.29/turn    (no ring)
MPRegen 0.09/turn

%: guardian spirit
@: no status effects
A: horns 2, reduced EV 1, retaliatory headbutt
a: Renounce Religion


You were on level 3 of the Dungeon.
You worshipped Ru.
Ru was aware of your devotion.
You visited 1 branch of the dungeon, and saw 3 of its levels.

You collected 68 gold pieces.

Inventory:

Hand Weapons
 a - a +0 long sword (weapon)
Armour
 b - a +0 scale mail (worn)
 c - a +0 buckler (worn)
 d - a +0 cloak (worn)
Jewellery
 e - an amulet of guardian spirit (around neck)
 i - a ring of willpower (left hand)
Scrolls
 l - 2 scrolls of teleportation {unknown}
 n - a scroll of noise {unknown}
Potions
 f - a potion of invisibility {unknown}
 g - 2 potions of curing {unknown}
 h - a potion of berserk rage {unknown}
 j - a potion of magic {unknown}
 k - a potion of ambrosia {unknown}
 m - a potion of heal wounds {unknown}


   Skills:
 + Level 5.3 Fighting
 + Level 4.6 Long Blades
 + Level 5.3 Armour
 + Level 5.3 Shields


You had 5 spell levels left.
You didn't know any spells.
Your spell library contained the following spells:

 Spells                   Type           Power      Damage    Failure   Level
 Jinxbite                 Hex            0%         N/A       92%         2
 Yara's Violent Unravell  Hex/Alch       0%         3d3       100%        5
 Enfeeble                 Hex            0%         N/A       100%        7


Dungeon Overview and Level Annotations

Branches:
Dungeon (3/15)

Altars:
Ru

Shops:
D:3 :


Innate Abilities, Weirdness & Mutations

You have a pair of horns on your head.
You have somewhat slow reflexes. (EV -5)
You reflexively headbutt those who attack you in melee.


Message History

You furiously retaliate!
You headbutt the quokka.
There are monsters nearby!
You miss the quokka. Your headbutt misses the quokka.
The quokka is heavily wounded.
You block the quokka's attack.
There are monsters nearby!
You hit the quokka but do no damage.
The quokka is heavily wounded.
The quokka bites you but does no damage.
The quokka bites you.
There are monsters nearby!
You hit the quokka.
You kill the quokka!
You slash the quokka!
You kill the quokka!
An ogre is nearby!
An ogre is nearby!
The ogre hits you with a +0 giant club!
An ogre is nearby!
You barely miss the ogre.
The ogre hits you with a +0 giant club!!
An ogre is nearby!
You are too injured to fight recklessly!
You are too injured to fight recklessly!
You are too injured to fight recklessly!
Okay, then.
You hit the ogre. You headbutt the ogre.
The ogre is moderately wounded.
You block the ogre's attack.
You hit the ogre but do no damage.
The ogre is moderately wounded.
The ogre hits you with a +0 giant club!
* * * LOW HITPOINT WARNING * * *
You hit the ogre.
The ogre is moderately wounded.
You hit the ogre.
The ogre is heavily wounded.
The ogre hits you with a +0 giant club!!
You die...
Ru respects your ultimate sacrifice.

#........##.# #.....†.#
###########.# #.⌠...⌠.#
#.# #...∩.... #.#
#.⌠...⌠.. ### #.#
#.....)... .... #.#
#......... .....
#.######.........
......##................
.....!O@..#####.........
......##.## ######.###
..... #.# ... .... #.#
## ... #.# ### ## #.#
##.. #.. ##... #. #....
#..<.


You could see an ogre.

Vanquished Creatures
  Sigmund (D:2)
  Crazy Yiuf (D:2)
  Jessica (D:2)
  An orc wizard (D:2)
  3 gnolls
  5 adders
  A dart slug (D:1)
  2 ribbon worms
  2 orcs (D:2)
  3 endoplasms (D:2)
  A giant cockroach (D:2)
  A goblin (D:2)
  3 hobgoblins
  5 quokkas
  3 ball pythons
  A bat (D:1)
  4 frilled lizards
  2 kobolds (D:2)
  2 rats
42 creatures vanquished.

Notes
Turn   | Place    | Note
-------+----------+-------------------------------------------
     0 | D:1      | Griffin23 the Minotaur Fighter began the quest for the Orb.
     0 | D:1      | Reached XP level 1. HP: 19/19 MP: 0/0
   492 | D:1      | Reached XP level 2. HP: 25/27 MP: 1/1
  1349 | D:2      | Reached XP level 3. HP: 23/33 MP: 2/2
  1516 | D:2      | Reached XP level 4. HP: 28/41 MP: 3/3
  1712 | D:2      | Noticed Jessica
  1717 | D:2      | Noticed Sigmund
  1717 | D:2      | Killed Jessica
  1728 | D:2      | Killed Sigmund
  1729 | D:2      | Reached skill level 5 in Fighting
  1729 | D:2      | Reached skill level 5 in Armour
  1729 | D:2      | Reached skill level 5 in Shields
  1729 | D:2      | Reached XP level 5. HP: 38/48 MP: 4/4
  1729 | D:2      | Reached XP level 6. HP: 44/56 MP: 5/5
  2134 | D:2      | Found a runed translucent door.
  2135 | D:2      | Noticed Crazy Yiuf
  2143 | D:2      | Killed Crazy Yiuf
  2251 | D:3      | Found a faded altar of an unknown god.
  2417 | D:3      | Prayed at the altar of an unknown god.
  2417 | D:3      | Became a worshipper of Ru the Awakened
  2418 | D:3      | Gained mutation: You have somewhat slow reflexes. (EV -5)
                  | [Ru sacrifice]
  2418 | D:3      | Reached * piety under Ru
  2473 | D:3      | Found Goutoum's Vocational Training.
  2628 | D:3      | Annihilated by an ogre

Illustrated notes

Levels and vault maps discovered:
D:1:      giann_forest_graveyard, layout_loops_corners
D:2:      layout_loops_ring, grunt_ministairs_9, uniq_sigmund, uniq_jessica,
          uniq_crazy_yiuf_cottage
D:3:      layout_rooms, hellmonk_ecumenical_altar_run_dry,
          nicolae_shop_vocational

Skill      XL: |  1  2  3  4 |
---------------+-------------+-----
Fighting       | 4 5 |  5.3
Long Blades    | 3 4 |  4.6
Armour         | 4 5 |  5.3
Shields        | 4 5 |  5.3

Action                     |  1- 3 |  4- 6 || total
---------------------------+-------+-------++-------
  Melee: Long sword        |    61 |    68 ||   129
         Headbutt          |     9 |    12 ||    21
 Invoke: Sacrifice Health  |       |     1 ||     1
    Use: Scroll            |     2 |       ||     2
         Potion            |       |     1 ||     1
 Armour: Scale mail        |    64 |    69 ||   133
  Dodge: Dodged            |    35 |    33 ||    68
  Block: Buckler           |    12 |    23 ||    35

Table legend: (Time is in decaauts)
 A = Elapsed time spent in this place.
 B = Non-inter-level travel time spent in this place.
 C = Inter-level travel time spent in this place.
 D = Time resting spent in this place.
 E = Time spent auto-exploring this place.
 F = Levels seen in this place.
 G = Mean time per level.
                   A        B        C        D        E       F      G
               +--------+--------+--------+--------+--------+-----+--------+
         Total |   2664 |   2645 |     19 |    678 |   1560 |   3 |  888.0 |
       Dungeon |   2664 |   2645 |     19 |    678 |   1560 |   3 |  888.0 |
               +--------+--------+--------+--------+--------+-----+--------+

Top non-repeatable levels by time:
     D:2: 1062 daAuts
     D:3: 811 daAuts
     D:1: 790 daAuts
